 Dungeon Crawl Stone Soup version 0.27-a0-1116-g91b3acb402 (webtiles) character file.

Game seed: 1326718952930952187

20259 dolemite99 the Severer (level 12, -3/110 HPs)
             Began as a Minotaur Fighter on May 2, 2021.
             Was an Elder of the Shining One.
             Hit by a large rock thrown by a cyclops (27 damage)
             ... on level 13 of the Dungeon.
             The game lasted 00:21:25 (16917 turns).

dolemite99 the Severer (Minotaur Fighter)          Turns: 16917, Time: 00:21:26

Health: -3/110     AC: 17    Str: 26    XL:     12   Next: 43%
Magic:  14/14      EV: 12    Int:  5    God:    the Shining One [****..]
Gold:   438        SH:  0    Dex: 10    Spells: 11/11 levels left

rFire    . . .     SeeInvis .   a - +0 broad axe
rCold    . . .     Faith    +   (no shield)
rNeg     + + +     Spirit   .   I - +3 chain mail {rPois}
rPois    +         Reflect  .   (helmet restricted)
rElec    .         Harm     .   n - +1 cloak
rCorr    .         Rampage  .   (no gloves)
Will     +....                  (no boots)
Stlth    ..........             h - amulet of faith
HPRegen  0.28/turn              N - ring of Teruin {rN+ EV+4}
MPRegen  0.14/turn              i - ring of willpower

@: glowing
A: horns 2, retaliatory headbutt
a: Renounce Religion, Divine Shield, Cleansing Flame


You were on level 13 of the Dungeon.
You worshipped the Shining One.
The Shining One was greatly pleased with you.
You visited 2 branches of the dungeon, and saw 13 of its levels.

You collected 748 gold pieces.
You spent 310 gold pieces at shops.

Inventory:

Hand Weapons
 a - a +0 broad axe (weapon)
 b - a +0 arbalest
 g - a +0 morningstar
 o - a +3 war axe
Missiles
 p - 323 stones
 q - 90 bolts
 t - 6 curare-tipped darts
 w - 21 poisoned darts (quivered)
 V - 4 throwing nets
Armour
 c - a +0 kite shield
 f - the +3 warlock's mirror {reflect}
   (You found it on level 10 of the Dungeon)
 n - a +1 cloak (worn)
 I - a +3 chain mail of poison resistance (worn)
Magical Staves
 m - a staff of death
 s - a staff of conjuration
 J - a staff of cold
 K - a staff of conjuration
Jewellery
 d - an amulet of guardian spirit
 h - an amulet of faith (around neck)
 i - a ring of willpower (right hand)
 u - a ring of see invisible
 v - a +6 ring of dexterity
 A - a ring of flight
 N - the ring of Teruin (left hand) {rN+ EV+4}
   (You found it on level 9 of the Dungeon)

   [ring of evasion]

   It affects your evasion (+4).
   It protects you from negative energy.
 P - an amulet of regeneration
 S - a ring of ice
 Z - a ring of ice
Wands
 e - a wand of acid (1)
 Q - a wand of charming (18)
 T - a wand of flame (21)
 W - a wand of iceblast (5)
 X - a wand of polymorph (24)
Scrolls
 r - 4 scrolls of teleportation
 x - a scroll of vulnerability
 D - a scroll of fog
 R - 2 scrolls of amnesia
 U - a scroll of noise
 Y - a scroll of immolation {unknown}
Potions
 j - 2 potions of attraction
 k - 3 potions of curing
 l - a potion of might
 z - a potion of heal wounds
 B - a potion of cancellation
 E - a potion of mutation
 H - 4 potions of flight
 L - a potion of lignification
Miscellaneous
 G - a box of beasts


   Skills:
 + Level 11.1 Fighting
 - Level 15.4 Axes
 - Level 8.9 Crossbows
 + Level 11.1 Armour
 - Level 4.2 Shields
 - Level 5.0 Invocations


You had 11 spell levels left.
You didn't know any spells.
Your spell library contained the following spells:

 Spells                   Type           Power      Damage    Failure   Level
 Corona                   Hex            0%         N/A       94%         1
 Freeze                   Ice            0%         1d3       94%         1
 Magic Dart               Conj           0%         1d3       94%         1
 Summon Small Mammal      Summ           0%         N/A       94%         1
 Blink                    Tloc           N/A        N/A       98%         2
 Call Imp                 Summ           0%         N/A       98%         2
 Ensorcelled Hibernation  Hex/Ice        0%         N/A       98%         2
 Searing Ray              Conj           0%         3d3       98%         2
 Slow                     Hex            0%         N/A       98%         2
 Static Discharge         Conj/Air       0%         N/A       98%         2
 Call Canine Familiar     Summ           0%         N/A       100%        3
 Confusing Touch          Hex            0%         N/A       100%        3
 Conjure Flame            Conj/Fire      0%         6-21      100%        3
 Dazzling Flash           Conj/Hex       0%         N/A       100%        3
 Frozen Ramparts          Ice            0%         1d2       100%        3
 Gell's Gravitas          Tloc           0%         N/A       100%        3
 Mephitic Cloud           Conj/Pois/Air  0%         N/A       100%        3
 Ozocubu's Armour         Ice            0%         N/A       100%        3
 Summon Guardian Golem    Hex/Summ       0%         N/A       100%        3
 Tukima's Dance           Hex            0%         N/A       100%        3
 Animate Armour           Summ/Erth      0%         N/A       100%        4
 Fulminant Prism          Conj/Hex       0%         3d6       100%        4
 Hailstorm                Conj/Ice       0%         3d3       100%        4
 Iskenderun's Mystic Bla  Conj/Tloc      0%         2d3       100%        4
 Leda's Liquefaction      Hex/Erth       0%         N/A       100%        4
 Petrify                  Tmut/Erth      0%         N/A       100%        4
 Summon Ice Beast         Ice/Summ       0%         N/A       100%        4
 Summon Lightning Spire   Summ/Air       0%         N/A       100%        4
 Bolt of Magma            Conj/Fire/Erth 0%         4d4       100%        5
 Lightning Bolt           Conj/Air       0%         1d11      100%        5
 Metabolic Englaciation   Hex/Ice        0%         N/A       100%        5
 Yara's Violent Unravell  Hex/Tmut       0%         3d3       100%        5
 Iron Shot                Conj/Erth      0%         9d1       100%        6
 Statue Form              Tmut/Erth      0%         N/A       100%        6
 Borgnjor's Revivificati  Necr           0%         N/A       100%        8
 Ignition                 Fire           0%         3d3       100%        8
 Infestation              Necr           0%         N/A       100%        8
 Necromutation            Tmut/Necr      0%         N/A       100%        8
 Death's Door             Necr           0%         N/A       100%        9
 Shatter                  Erth           0%         3d5*      100%        9
 Tornado                  Air            0%         N/A       100%        9


Dungeon Overview and Level Annotations

Branches:
Dungeon (11/15)            Temple (1/1) D:7             Orc (0/2) D:10
   Lair: D:8-11

Altars:
Dithmenos
Elyvilon
Gozag
Hepliaklqana
Kikubaaqudgha
Makhleb
Okawaru
Sif Muna
Trog
Uskayaw
Vehumet
Wu Jian
Xom
The Shining One

Shops:
D:9 *

Annotations:
D:11 exclusion: orange crystal statue


Innate Abilities, Weirdness & Mutations

You have a pair of horns on your head.
You reflexively headbutt those who attack you in melee.


Message History

The unseen horror hits you but does no damage.
The unseen horror misses you.
The unseen horror hits you but does no damage.
The unseen horror barely misses you.
A cyclops comes into view.
The cyclops shouts!
The unseen horror misses you. You furiously retaliate!
You headbutt the unseen horror, but do no damage.
You throw a poisoned dart.
The poisoned dart hits the unseen horror.
The unseen horror is moderately wounded.
The unseen horror hits you.
The cyclops throws a large rock.
The large rock hits you!!
The unseen horror hits you but does no damage.
You are too injured to fight recklessly!
You are too injured to fight recklessly!
The unseen horror hits you but does no damage.
The cyclops throws a large rock.
The large rock closely misses you.
Found a stone staircase leading up.
The unseen horror misses you. You furiously retaliate!
You headbutt the unseen horror, but do no damage.
The unseen horror hits you.
You hit the cyclops but do no damage.
Your chain mail prevents you from hitting the unseen horror.
The unseen horror barely misses you. You furiously retaliate!
You headbutt the unseen horror! The cyclops hits you!
* * * LOW HITPOINT WARNING * * *
You slash the cyclops!
The cyclops is moderately wounded.
The unseen horror hits you but does no damage.
The cyclops hits you!
* * * LOW HITPOINT WARNING * * *
The unseen horror barely misses you. You furiously retaliate!
You headbutt the unseen horror, but do no damage.
You feel much better.
The unseen horror hits you but does no damage.
The cyclops hits you!
* * * LOW HITPOINT WARNING * * *
The cyclops throws a large rock.
The large rock hits you!!
You die...

#####################
......C..C..........
#.................#
#....>##...(......#
#.....##........C.##..#
#.....##........@.....#
#.....##........x...<.#
.........###########+#..
###......# ..#..#...#
..#..#...# .........#
..≈≈≈≈.+## .≈≈≈≈≈≈


You could see 2 cyclopes and an unseen horror (invisible).

Vanquished Creatures
  Snorg (D:10)
  Fannar (D:10)
  Harold (D:8)
  3 two-headed ogres
  A tengu warrior (D:8)
  Sonja (D:10)
  12 wizards (D:10)
  A deep elf pyromancer (D:11)
  Joseph (D:8)
  A gargoyle (D:7)
  Maggie (D:8)
  Psyche (D:8)
  4 trolls
  2 hornets
  2 shadows
  4 hogs (D:10)
  4 wyverns
  A wraith (D:10)
  6 yaks
  A steam dragon (D:7)
  A human (D:10)
  2 vampire mosquitoes (D:7)
  2 water moccasins (D:7)
  2 orc warriors
  A necrophage (D:6)
  2 ice beasts
  An ogre (D:4)
  6 centaurs
  3 kobold brigands
  2 bullfrogs (D:8)
  2 gnoll sergeants (D:7)
  A scorpion (D:4)
  A water moccasin zombie (D:5)
  2 water moccasin skeletons
  5 wights
  4 killer bees (D:10)
  An electric eel (D:6)
  A jelly (D:8)
  2 bullfrog zombies
  3 centaur zombies
  3 hounds
  Crazy Yiuf (D:7)
  2 centaur skeletons
  2 gnoll shamans
  6 orc priests
  A bullfrog skeleton (D:4)
  6 iguanas
  9 orc wizards
  2 killer bee zombies
  2 hound skeletons
  A hound zombie (D:5)
  16 gnolls
  2 howler monkey skeletons
  10 adders
  An ufetubus (D:6)
  3 worms
  34 orcs
  5 bats
  8 endoplasms
  6 giant cockroaches
  4 goblins
  11 hobgoblins
  10 jackals
  3 quokkas
  4 ball pythons
  5 frilled lizards
  19 kobolds
  8 rats
277 creatures vanquished.

Vanquished Creatures (others)
  A fungus (D:8)
  2 plants (D:7)
  4 toadstools (D:8)
7 creatures vanquished.

Grand Total: 284 creatures vanquished

Notes
Turn   | Place    | Note
-------+----------+-------------------------------------------
     0 | D:1      | dolemite99 the Minotaur Fighter began the quest for the
                  | Orb.
     0 | D:1      | Reached XP level 1. HP: 19/19 MP: 0/0
   222 | D:1      | Reached skill level 3 in Axes
   489 | D:1      | Reached XP level 2. HP: 21/26 MP: 1/1
   611 | D:1      | Found a faded altar of an unknown god.
   617 | D:1      | Became a worshipper of Elyvilon the Healer
   617 | D:1      | Reached * piety under Elyvilon
   932 | D:1      | Reached skill level 4 in Axes
  1434 | D:2      | Reached XP level 3. HP: 30/31 MP: 2/2
  1547 | D:2      | Reached skill level 5 in Axes
  1774 | D:2      | Reached XP level 4. HP: 39/39 MP: 3/3
  1842 | D:2      | Reached ** piety under Elyvilon
  2451 | D:3      | Reached skill level 6 in Axes
  2552 | D:3      | Reached XP level 5. HP: 37/45 MP: 4/4
  3159 | D:3      | Reached skill level 7 in Axes
  3201 | D:3      | Reached XP level 6. HP: 23/51 MP: 5/5
  3635 | D:3      | Reached *** piety under Elyvilon
  4397 | D:4      | Reached skill level 8 in Axes
  4553 | D:4      | Reached skill level 9 in Axes
  4632 | D:4      | Noticed a yak
  4633 | D:4      | Noticed a yak
  4636 | D:4      | Noticed a yak
  4659 | D:4      | Killed a yak
  4660 | D:4      | Reached XP level 7. HP: 40/57 MP: 4/6
  4730 | D:3      | Killed a yak
  4731 | D:3      | Reached skill level 10 in Axes
  5366 | D:4      | Reached skill level 1 in Invocations
  5562 | D:4      | Found a white marble altar of Elyvilon.
  5621 | D:5      | Entered Level 5 of the Dungeon
  5680 | D:5      | Reached **** piety under Elyvilon
  5797 | D:5      | Reached XP level 8. HP: 57/64 MP: 7/9
  6352 | D:5      | Reached skill level 5 in Invocations
  7121 | D:6      | Noticed a two-headed ogre
  7188 | D:7      | Reached skill level 5 in Fighting
  7188 | D:7      | Reached skill level 5 in Armour
  7393 | D:7      | Reached XP level 9. HP: 43/75 MP: 5/11
  8637 | D:7      | Noticed a troll
  8645 | D:7      | Killed a troll
  8651 | D:7      | Noticed a gargoyle
  8670 | D:7      | Killed a gargoyle
  9084 | D:7      | Identified the +0 tower shield of Qepnyetu {+Inv rPois
                  | Int+2}
  9181 | D:7      | You fall into a shaft and drop 2 floors!
  9418 | D:7      | Reached skill level 11 in Axes
  9439 | D:7      | Found a runed translucent door.
  9440 | D:7      | Noticed Crazy Yiuf
  9676 | D:7      | Found a staircase to the Ecumenical Temple.
  9678 | D:7      | Reached XP level 10. HP: 81/91 MP: 10/12
  9700 | Temple   | Entered the Ecumenical Temple
  9705 | Temple   | Fell from the grace of Elyvilon
  9705 | Temple   | Became a worshipper of the Shining One
  9705 | Temple   | Reached * piety under the Shining One
  9705 | Temple   | Reached ** piety under the Shining One
  9861 | D:7      | Killed Crazy Yiuf
  9953 | D:8      | Noticed Maggie
  9968 | D:8      | Killed Maggie
 10223 | D:8      | Noticed Psyche
 10237 | D:8      | Killed Psyche
 10238 | D:8      | Reached skill level 12 in Axes
 10408 | D:8      | Noticed a two-headed ogre
 10428 | D:8      | Killed a two-headed ogre
 10429 | D:8      | Reached skill level 13 in Axes
 10935 | D:8      | Noticed Harold
 10946 | D:8      | Killed Harold
 10947 | D:8      | Reached skill level 14 in Axes
 11027 | D:8      | Noticed a tengu warrior
 11041 | D:8      | Killed a tengu warrior
 11540 | D:8      | Noticed Joseph
 11559 | D:8      | Killed Joseph
 12377 | D:9      | Reached XP level 11. HP: 94/97 MP: 13/13
 12421 | D:9      | Reached skill level 15 in Axes
 12721 | D:9      | Identified the ring of Teruin {rN+ EV+4}
 12801 | D:9      | Found Teunid's Assorted Antiques.
 12830 | D:9      | Bought a broad axe for 124 gold pieces
 12830 | D:9      | Bought a scroll labelled XOFUHU GATUUPP for 31 gold pieces
 12830 | D:9      | Bought a small silver ring for 155 gold pieces
 13211 | D:9      | Noticed a two-headed ogre
 13222 | D:9      | Killed a two-headed ogre
 13683 | D:10     | Entered Level 10 of the Dungeon
 13716 | D:10     | Reached skill level 1 in Crossbows
 14123 | D:10     | Noticed Fannar
 14142 | D:10     | Killed Fannar
 14171 | D:10     | Found a staircase to the Orcish Mines.
 14624 | D:10     | Noticed a wizard
 14635 | D:10     | Killed a wizard
 14636 | D:10     | Reached skill level 5 in Crossbows
 14647 | D:10     | Noticed a wizard
 14655 | D:10     | Killed a wizard
 15033 | D:10     | Reached *** piety under the Shining One
 15142 | D:10     | Noticed Snorg
 15144 | D:10     | Noticed Sonja
 15153 | D:10     | Killed Snorg
 15158 | D:10     | Killed Sonja
 15690 | D:10     | Noticed a wizard
 15697 | D:10     | Noticed a wizard
 15699 | D:10     | Killed a wizard
 15699 | D:10     | Noticed a wizard
 15706 | D:10     | Killed a wizard
 15716 | D:10     | Killed a wizard
 15717 | D:10     | Reached XP level 12. HP: 105/105 MP: 14/14
 16059 | D:10     | Reached skill level 10 in Fighting
 16059 | D:10     | Reached skill level 10 in Armour
 16284 | D:10     | Found the +3 warlock's mirror {reflect}
 16287 | D:10     | Noticed a two-headed ogre
 16294 | D:10     | Killed a two-headed ogre
 16810 | D:11     | You fall into a shaft and drop 2 floors!
 16810 | D:13     | Noticed a vault guard
 16810 | D:13     | Noticed a vault guard
 16896 | D:13     | Reached **** piety under the Shining One
 16917 | D:13     | Hit by a large rock thrown by a cyclops

Illustrated notes

Levels and vault maps discovered:
D:1:      saegor_arrival_simple_a, layout_basic, ebering_ecumenical_altar_box,
          kennysheep_minor_cross, hangedman_decor_riveting
D:2:      layout_basic, serial_glass, glass_columns_a, glass_columns_a
D:3:      layout_basic
D:4:      layout_rooms, elyvilon_altar_3, hangedman_decor_peaks_small,
          amcnicky_mini_pool_small
D:5:      layout_basic
D:6:      layout_cave_pools, water_maze_lemuel
D:7:      minmay_the_grid_square_5x5_3x3 [minmay_the_grid_square_5x5_tri_point,
          minmay_the_grid_square_5x5_shrine2,
          minmay_the_grid_square_5x5_doubleslash,
          minmay_the_grid_square_5x5_hourglass,
          minmay_the_grid_square_5x5_megaprize_checkered,
          minmay_the_grid_square_5x5_percent,
          minmay_the_grid_square_5x5_longway,
          minmay_the_grid_square_5x5_three_walls,
          minmay_the_grid_square_5x5_detours], layout_loops_cross,
          minmay_temple_entry_poolview, enter_bailey_2, serial_bayou_crossing,
          uniq_crazy_yiuf_cottage
D:8:      hangedman_cross_stitches, layout_basic, serial_glass, glass_columns_a,
          glass_columns_a, item_on_display_a, item_on_display_a,
          item_on_display_a, minmay_gold_behind_fungi, uniq_psyche, uniq_joseph,
          uniq_harold, uniq_maggie
D:9:      layout_loops_corners, serial_shops, nicolae_shop_statue_plus,
          corexii_hall_statues_t
D:10:     minmay_smoke_and_mirrors, layout_loops_cross, orc_0_dummy,
          grunt_livestock, uniq_sonja, uniq_snorg, uniq_fannar
D:11:     layout_loops_cross, david_lair_shrubbed, minmay_statue_bubble
D:13:     layout_stronghold, grunt_vaults_entry_fortified, hangedman_decor_push,
          minmay_hollow_rounded_squares
Temple:   dpeg_three_leaves_temple

Skill      XL: |  1  2  3  4  5  6  7  8  9 10 11 12 |
---------------+-------------------------------------+-----
Axes           | 3 4 5 6 7 9 10 11 14 15 | 15.4
Invocations    | 3 5 |  5.0
Shields        | 4 |  4.2
Fighting       | 6 9 11 | 11.1
Armour         | 6 9 11 | 11.1
Crossbows      | 8 |  8.9

Action                   |  1- 3 |  4- 6 |  7- 9 | 10-12 || total
-------------------------+-------+-------+-------+-------++-------
Melee: War axe           |    45 |    35 |   245 |   169 ||   494
       Headbutt          |    16 |    28 |    77 |    55 ||   176
       Dagger            |    54 |   141 |       |       ||   195
       Broad axe         |       |       |       |   101 ||   101
 Fire: Arbalest          |       |       |       |    65 ||    65
Throw: Stone             |     2 |     7 |       |       ||     9
       Dart              |       |     4 |    15 |    36 ||    55
Invok: Lesser Healing    |       |       |    14 |       ||    14
       Divine Shield     |       |       |       |     5 ||     5
  Use: Potion            |       |     2 |     3 |     4 ||     9
       Scroll            |       |       |     3 |    17 ||    20
Armor: Scale mail        |    58 |    68 |       |       ||   126
       Chain mail        |       |    20 |    27 |   130 ||   177
       Plate armour      |       |       |    82 |       ||    82
Dodge: Dodged            |    28 |    53 |    67 |   136 ||   284
Block: Kite shield       |    63 |    64 |       |       ||   127
       Buckler           |       |    12 |    58 |    48 ||   118
       Other             |       |       |       |     1 ||     1

Table legend: (Time is in decaauts)
 A = Elapsed time spent in this place.
 B = Non-inter-level travel time spent in this place.
 C = Inter-level travel time spent in this place.
 D = Time resting spent in this place.
 E = Time spent auto-exploring this place.
 F = Levels seen in this place.
 G = Mean time per level.
                   A        B        C        D        E       F      G
               +--------+--------+--------+--------+--------+-----+--------+
         Total |  17016 |  16532 |    484 |   6993 |   6536 |  13 | 1308.9 |
       Dungeon |  17005 |  16524 |    481 |   6993 |   6536 |  12 | 1417.1 |
        Temple |     10 |      7 |      3 |      0 |      0 |   1 |   10.0 |
               +--------+--------+--------+--------+--------+-----+--------+

Top non-repeatable levels by time:
    D:10: 2938 daAuts
     D:7: 2718 daAuts
     D:8: 2486 daAuts
     D:3: 2139 daAuts
     D:1: 1390 daAuts
     D:2: 1327 daAuts
     D:9: 1310 daAuts
     D:5: 1013 daAuts
     D:4: 837 daAuts
     D:6: 503 daAuts
    D:11: 233 daAuts
    D:13: 106 daAuts
  Temple: 10 daAuts
